 Dungeon Crawl Stone Soup version 0.29-a0-1061-gbc57f8fbdb (webtiles) character file.

Game seed: 12606226781608813119

82 KleinerIrrer the Insei (level 4, -1/31 HPs)
             Began as an Octopode Monk on Aug 18, 2022.
             Slain by a gnoll
             ... wielding a +0 flail
              (12 damage)
             ... on level 2 of the Dungeon.
             The game lasted 00:03:07 (1877 turns).

KleinerIrrer the Insei (Octopode Monk)              Turns: 1877, Time: 00:03:08

Health: -1/31      AC:  1    Str: 10    XL:     4   Next: 43%
Magic:  4/4        EV: 14    Int: 12    God:
Gold:   46         SH:  0    Dex: 16    Spells: 3/3 levels left

rFire   . . .      SeeInvis .     - Unarmed
rCold   . . .      Faith    .   (no shield)
rNeg    . . .      Spirit   .   (helmet restricted)
rPois   .          Reflect  .   (no amulet)
rElec   .          Harm     .   (no ring)
rCorr   .          Rampage  .   (no ring)
Will    .....                   (no ring)
Stlth   +++.......              (no ring)
HPRegen 0.10/turn               (no ring)
MPRegen 0.09/turn               (no ring)
                                (no ring)
                                (no ring)

@: no status effects
A: almost no armour, amphibious, 8 rings, camouflage 1, gelatinous body 1,
(nimble swimmer 1), tentacles
a: no special abilities


You were on level 2 of the Dungeon.
You visited 1 branch of the dungeon, and saw 2 of its levels.

You collected 46 gold pieces.

Inventory:

Missiles
 e - 19 stones (quivered)
Scrolls
 b - a scroll of torment {unknown}
 c - a scroll of brand weapon {unknown}
 d - a scroll of identify {unknown}
 f - a scroll of poison {unknown}
 g - a scroll of vulnerability {unknown}
 j - a scroll of enchant weapon {unknown}
 k - a scroll of magic mapping {unknown}
Potions
 a - a potion of ambrosia
 h - a potion of flight {unknown}
 i - a potion of lignification {unknown}


   Skills:
 - Level 3.0 Fighting
 - Level 3.0 Dodging
 - Level 2.6 Stealth
 + Level 5.1 Unarmed Combat


You had 3 spell levels left.
You didn't know any spells.
Your spell library contained the following spells:

 Spells                   Type           Power      Damage    Failure   Level
 Sublimation of Blood     Necr           0%         N/A       45%         2
 Wereblood                Tmut           0%         N/A       45%         2
 Conjure Ball Lightning   Conj/Air       0%         3x3d6     100%        6
 Summon Hydra             Summ           0%         N/A       100%        7
 Discord                  Hex            0%         N/A       100%        8
 Disjunction              Tloc           0%         N/A       100%        8


Dungeon Overview and Level Annotations

Branches:
Dungeon (2/15)

Altars:


Innate Abilities, Weirdness & Mutations

You cannot wear most types of armour.
You are amphibious.
You can wear up to eight rings at the same time.
Your skin changes colour to match your surroundings (Stealth+).
Your rubbery body absorbs attacks. (AC +1, EV +1)
((You are camouflaged when in or above water. (Stealth+)))
You have tentacles for arms and can constrict up to eight enemies at once.


Message History

You constrict the dart slug. The dart slug bites you.
You bludgeon the dart slug!
You kill the dart slug!
Your Unarmed Combat skill increases to level 5!
Throw: 20 stones
Press: ? - help, Q - select action Shift-Dir - straight line, f - gnoll
Aim: a gnoll, wielding a +0 flail and wearing a +0 ring mail (wandering, hasn't noticed you, 68% to hit)
You throw a stone. The gnoll shouts!
The stone hits the gnoll but does no damage.
Found a +0 spear.
The gnoll shouts!
The gnoll drinks a potion.
The gnoll seems to speed up.
There is a stone staircase leading up here.
The gnoll hits you with a +0 quarterstaff!
You climb upwards.
There is a stone staircase leading down here.
You start resting.
HP restored.
You climb downwards.
The gnoll hits you with a +0 quarterstaff!
The gnoll barely misses you.
There is a stone staircase leading up, spattered with blood here.
You tentacle-slap the gnoll. You grab the gnoll.
The gnoll is moderately wounded.
You constrict the gnoll, but do no damage.
The gnoll closely misses you. The gnoll barely misses you.
You tentacle-slap the gnoll but do no damage.
The gnoll is moderately wounded.
You constrict the gnoll.
The gnoll hits you with a +0 quarterstaff!
The gnoll closely misses you.
You bludgeon the gnoll!
You kill the gnoll!
The gnoll misses you.
You tentacle-slap the gnoll but do no damage.
You grab the gnoll.
You squeeze the gnoll, but do no damage.
You constrict the gnoll. The gnoll hits you with a +0 flail!
You die...

............##.#............
...................##.......
...................##.......
g................................
.................................
.......###............#..........
...........#####......#.#...)...#
)......#### ##)..>..#.#.......#
.........######.@............)..#
#......g.†.##.g...............#
#.............#########.......#
###...........###...# #.......#
...†................# #.......#
###..........####...# #.......#
#..........# ## ##......#
#..........# ##).....#
#..........# #.......#


You could see a gnoll.

Vanquished Creatures
  2 adders (D:2)
  3 gnolls
  2 worms (D:2)
  A dart slug (D:2)
  2 endoplasms (D:1)
  5 goblins
  A hobgoblin (D:2)
  3 jackals (D:2)
  2 quokkas
  A ball python (D:1)
  5 bats
  2 kobolds (D:1)
  A rat (D:1)
30 creatures vanquished.

Notes
Turn   | Place    | Note
-------+----------+-------------------------------------------
     0 | D:1      | KleinerIrrer the Octopode Monk began the quest for the Orb.
     0 | D:1      | Reached XP level 1. HP: 16/16 MP: 1/1
   420 | D:1      | Reached XP level 2. HP: 21/21 MP: 2/2
   769 | D:2      | Reached skill level 4 in Unarmed Combat
   984 | D:2      | Reached XP level 3. HP: 17/26 MP: 3/3
  1525 | D:2      | Reached XP level 4. HP: 31/31 MP: 4/4
  1688 | D:2      | Reached skill level 5 in Unarmed Combat
  1877 | D:2      | Slain by a gnoll

Illustrated notes

Levels and vault maps discovered:
D:1:      amcnicky_arrival_flooded_fountain, layout_loops_ring, serial_forest,
          infiniplex_forest_straight_2, infiniplex_forest_clump_double,
          infiniplex_forest_straight_3, infiniplex_forest_clump_long,
          infiniplex_forest_lined_corner, infiniplex_forest_corner_2,
          infiniplex_forest_clump_C, infiniplex_forest_clump_tiny
D:2:      layout_rooms

Skill      XL: |  1  2  3  4 |
---------------+-------------+-----
Unarmed Combat | 4 5 |  5.1
Fighting       | |  3.0
Dodging        | |  3.0
Stealth        | |  2.6

Action                   |  1- 3 |  4- 6 || total
-------------------------+-------+-------++-------
Melee: Unarmed           |    59 |    12 ||    71
       Tentacles         |    10 |     1 ||    11
       Constrict         |    18 |     5 ||    23
       Punch             |     4 |       ||     4
Throw: Stone             |     1 |     1 ||     2
 Stab: Sleeping          |     3 |       ||     3
Armor: Skin              |     8 |       ||     8
Dodge: Dodged            |    57 |    10 ||    67

Table legend: (Time is in decaauts)
 A = Elapsed time spent in this place.
 B = Non-inter-level travel time spent in this place.
 C = Inter-level travel time spent in this place.
 D = Time resting spent in this place.
 E = Time spent auto-exploring this place.
 F = Levels seen in this place.
 G = Mean time per level.
                   A        B        C        D        E       F      G
               +--------+--------+--------+--------+--------+-----+--------+
         Total |   1876 |   1835 |     41 |    328 |   1244 |   2 |  938.0 |
       Dungeon |   1876 |   1835 |     41 |    328 |   1244 |   2 |  938.0 |
               +--------+--------+--------+--------+--------+-----+--------+

Top non-repeatable levels by time:
     D:1: 1173 daAuts
     D:2: 702 daAuts
